 Dungeon Crawl Stone Soup version 0.30-a0-652-gcc886f7154 (webtiles) character file.

Game seed: 7659113934720193542

632 Absynth the Conjurer (level 7, -6/50 HPs)
             Began as a Red Draconian Conjurer on Jan 17, 2023.
             Killed by divine providence
             ... invoked by an orc priest
              (15 damage)
             ... on level 5 of the Dungeon.
             The game lasted 00:16:12 (5843 turns).

Absynth the Conjurer (Red Draconian Conjurer)       Turns: 5843, Time: 00:16:12

Health: -6/50      AC:  6    Str:  9    XL:     7   Next: 24%
Magic:  10/14      EV: 12    Int: 20    God:
Gold:   218        SH:  0    Dex: 10    Spells: 10/16 levels left

rFire   + . .      SeeInvis .    q - +5 whip (elec)
rCold   . . .      Faith    .    (no shield)
rNeg    . . .      Spirit   .    (body armour unavailable)
rPois   .          Reflect  .    (helmet restricted)
rElec   .          Harm     .    (no cloak)
rCorr   .          Rampage  .    (no gloves)
Will    .....                    (no boots)
Stlth   ++                       (no amulet)
HPRegen 0.28/turn                (no ring)
MPRegen 0.14/turn                (no ring)

@: no status effects
A: breathe fire, AC +6, unfitting armour, fire resistance 1, cold-blooded
a: Breathe Fire


You were on level 5 of the Dungeon.
You visited 1 branch of the dungeon, and saw 5 of its levels.

You collected 218 gold pieces.

Inventory:

Hand Weapons
 q - a +5 whip of electrocution (weapon)
Missiles
 s - 2 throwing nets
Armour
 h - a scarf of shadows
Jewellery
 b - a ring of protection from cold
Scrolls
 c - a scroll of noise {unknown}
 d - 3 scrolls of enchant weapon
 e - 2 scrolls of magic mapping {unknown}
 g - a scroll of vulnerability {unknown}
 n - a scroll of immolation {unknown}
Potions
 a - 2 potions of magic
 f - 2 potions of might {unknown}
 j - 7 potions of curing
 k - 3 potions of ambrosia
 m - a potion of degeneration {unknown}
 o - a potion of berserk rage {unknown}
 p - a potion of heal wounds {unknown}
 r - a potion of invisibility {unknown}


   Skills:
 - Level 1.7 Dodging
 - Level 1.7 Stealth
 + Level 5.2 Spellcasting
 - Level 6.5 Conjurations
 * Level 1.2 Air Magic
 * Level 1.4 Poison Magic


You had 10 spell levels left.
You knew the following spells:

 Your Spells              Type           Power      Damage    Failure   Level
a - Magic Dart            Conj           100%       1d8       1%          1
c - Mephitic Cloud        Conj/Pois/Air  17%        N/A       10%         3
z - Searing Ray           Conj           62%        2d6       1%          2

Your spell library contained the following spells:

 Spells                   Type           Power      Damage    Failure   Level
 Dazzling Flash           Conj/Hex       36%        N/A       9%          3
 Poisonous Vapours        Pois/Air       20%        N/A       10%         2
 Beastly Appendage        Tmut           10%        N/A       12%         1
 Cigotuvi's Dreadful Rot  Necr/Pois/Air  16%        N/A       12%         2
 Lesser Beckoning         Tloc           10%        N/A       17%         2
 Wereblood                Tmut           5%         N/A       17%         2
 Spider Form              Tmut/Pois      8%         N/A       26%         3
 Fulminant Prism          Conj/Hex       9%         3d7       28%         4
 Iskenderun's Mystic Bla  Conj/Tloc      18%        2d6       28%         4
 Gell's Gravitas          Tloc           5%         N/A       34%         3
 Teleport Other           Tloc           5%         N/A       34%         3


Dungeon Overview and Level Annotations

Branches:
Dungeon (5/15)
 Temple: D:4-7

Altars:
Yredelemnul


Innate Abilities, Weirdness & Mutations

You can breathe blasts of fire.
Your fiery red scales are hard. (AC +6)
You cannot fit into any form of body armour.
Your flesh is heat resistant. (rF+)
You are cold-blooded and may be slowed by cold attacks.


Message History

You finish channelling your searing ray.
You start resting.
HP restored.
You start resting.
Magic restored.
You climb downwards.
An orc priest comes into view. It is wielding a +0 hand axe.
The gnoll hits you from afar with a +0 spear!
There is a stone staircase leading up, spattered with blood here.
Casting: Searing Ray (safe; 1% risk of failure)
Confirm with . or Enter, or press ? or * to list all spells.
Aiming: Searing Ray (safe; 1% risk of failure)
Press: ? - help, Shift-Dir - straight line, f - gnoll
Aim: a gnoll, wielding a +0 spear (82% to hit)
The searing ray hits the gnoll!
You kill the gnoll! (Press . to maintain the ray.)
The orc priest shouts! x2
The orc priest mumbles some strange prayers to Beogh against you.
Beogh smites you!
Aiming: Magic Dart (safe; 1% risk of failure)
Press: ? - help, Q - select action, (/) - cycle Shift-Dir - straight line, f - orc priest
Aim: an orc priest, wielding a +0 hand axe and wearing a +0 leather armour (100% to hit)
The magic dart hits the orc priest.
The orc priest is moderately wounded.
The orc priest looks satisfied for a moment.
Aiming: Magic Dart (safe; 1% risk of failure)
Press: ? - help, Q - select action, (/) - cycle Shift-Dir - straight line, f/p - orc priest
Aim: an orc priest, wielding a +0 hand axe and wearing a +0 leather armour (moderately wounded, 100% to hit)
The magic dart hits the orc priest!
The orc priest is severely wounded.
A gnoll comes into view. It is wielding a +0 spear.
The orc priest invokes the aid of Beogh against you.
Pain shoots through your body!
The orc priest invokes the aid of Beogh against you.
Beogh smites you!
* * * LOW HITPOINT WARNING * * *
The orc priest calls down the wrath of Beogh upon you.
Beogh smites you!
You die...

### ##......
.# ... ..#...
. #.##....# .
#..#..(.#.#
##......#.#..
##............
#....)...#
#.....#[###.##
#..##.#.@.)..#
....
#........# #..
#........###
.. ..o.......#
. ..##...#..#
. #..##.## o..
.. ..g. ..


You could see 2 orc priests and a gnoll (wandering).

Vanquished Creatures
  An ogre (D:3)
  A bullfrog (D:4)
  A hound (D:4)
  2 orc priests
  6 orc wizards
  9 gnolls
  5 adders
  A dart slug (D:1)
  18 orcs
  9 endoplasms
  4 giant cockroaches
  10 goblins
  10 hobgoblins
  10 kobolds
  4 quokkas
  6 ball pythons
  2 bats
  7 frilled lizards
  4 rats
110 creatures vanquished.

Vanquished Creatures (others)
  A plant (D:3)
1 creature vanquished.

Grand Total: 111 creatures vanquished

Notes
Turn   | Place    | Note
-------+----------+-------------------------------------------
     0 | D:1      | Absynth the Draconian Conjurer began the quest for the Orb.
     0 | D:1      | Reached XP level 1. HP: 14/14 MP: 3/3
   250 | D:1      | Reached XP level 2. HP: 20/20 MP: 0/5
  1378 | D:1      | Learned a level 2 spell: Searing Ray
  1934 | D:2      | Reached XP level 3. HP: 22/26 MP: 1/7
  2091 | D:2      | Reached XP level 4. HP: 33/33 MP: 4/8
  2747 | D:2      | Reached skill level 5 in Conjurations
  3521 | D:3      | Noticed an ogre
  4148 | D:3      | Reached XP level 5. HP: 38/38 MP: 7/10
  4293 | D:3      | Killed an ogre
  4589 | D:3      | Reached XP level 6. HP: 41/45 MP: 7/12
  4630 | D:4      | Reached skill level 6 in Conjurations
  5297 | D:4      | Reached skill level 5 in Spellcasting
  5447 | D:5      | Entered Level 5 of the Dungeon
  5499 | D:4      | Your scales start taking on a fiery red colour.
  5499 | D:4      | Reached XP level 7. HP: 48/50 MP: 7/14
  5499 | D:4      | Gained mutation: Your flesh is heat resistant. (rF+) [Red
                  | Draconian growth]
  5549 | D:4      | Learned a level 3 spell: Mephitic Cloud
  5585 | D:5      | Found a basalt altar of Yredelemnul.
  5708 | D:4      | Reached skill level 1 in Air Magic
  5708 | D:4      | Reached skill level 1 in Poison Magic
  5843 | D:5      | Killed from afar by an orc priest

Illustrated notes

Levels and vault maps discovered:
D:1:      dpeg_arrival_line_fractal, layout_basic
D:2:      layout_basic
D:3:      corexii_shack_village, layout_basic, corexii_item_surrounded_by_moat
D:4:      layout_cave_pools
D:5:      kennysheep_windowed_halls, layout_cave_pools,
          gammafunk_temple_of_torment, nicolae_wooded_promenade

Skill      XL: |  1  2  3  4  5  6  7 |
---------------+----------------------+-----
Spellcasting   | 3 4 5 |  5.2
Conjurations   | 5 6 |  6.5
Air Magic      | 1 |  1.2
Poison Magic   | 1 |  1.4
Dodging        | |  1.7
Stealth        | |  1.7

Action                   |  1- 3 |  4- 6 |  7- 9 || total
-------------------------+-------+-------+-------++-------
Melee: Whip              |     3 |    14 |     1 ||    18
       Dagger            |       |     4 |       ||     4
 Cast: Magic Dart        |    55 |   122 |    13 ||   190
       Searing Ray       |     3 |    13 |     5 ||    21
       Mephitic Cloud    |       |       |     1 ||     1
  Use: Scroll            |       |     4 |       ||     4
Armor: Skin              |     2 |    10 |    14 ||    26
Dodge: Dodged            |     4 |    26 |    22 ||    52

Table legend: (Time is in decaauts)
 A = Elapsed time spent in this place.
 B = Non-inter-level travel time spent in this place.
 C = Inter-level travel time spent in this place.
 D = Time resting spent in this place.
 E = Time spent auto-exploring this place.
 F = Levels seen in this place.
 G = Mean time per level.
                   A        B        C        D        E       F      G
               +--------+--------+--------+--------+--------+-----+--------+
         Total |   5852 |   5784 |     68 |   1500 |   3510 |   5 | 1170.4 |
       Dungeon |   5852 |   5784 |     68 |   1500 |   3510 |   5 | 1170.4 |
               +--------+--------+--------+--------+--------+-----+--------+

Top non-repeatable levels by time:
     D:1: 1732 daAuts
     D:3: 1639 daAuts
     D:2: 1316 daAuts
     D:4: 1121 daAuts
     D:5: 42 daAuts
